 Dungeon Crawl Stone Soup version 0.29-a0-231-g945431f764 (webtiles) character file.

Game seed: 2317743875148243026

3214 JoanKujo the Archer (level 9, 0/46 HPs)
             Began as a Vampire Arcane Marksman on Mar 1, 2022.
             Was an Initiate of Hepliaklqana.
             Killed by divine providence
             ... invoked by an orc priest
              (15 damage)
             ... on level 7 of the Dungeon.
             The game lasted 00:34:21 (8362 turns).

JoanKujo the Archer (Vampire Arcane Marksman)       Turns: 8362, Time: 00:34:22

Health: 0/46       AC: 10    Str:  9    XL:     9   Next: 65%
Magic:  15/15      EV: 12    Int: 16    God:    Hepliaklqana [......]
Gold:   307        SH:  0    Dex: 18    Spells: 2/16 levels left

rFire   . . .      SeeInvis +   o - +4 quarterstaff (chaos)
rCold   + + +      Faith    .   (shield currently unavailable)
rNeg    + + +      Spirit   .   x - +1 animal skin
rPois   ∞          Reflect  .   w - +0 helmet
rElec   .          Harm     .   n - +2 cloak {rCorr}
rCorr   +          Rampage  .   s - +2 pair of gloves
Will    .....                   (no boots)
Stlth   ++++......              (no amulet)
HPRegen 0.00/turn               I - ring of protection from cold
MPRegen 0.14/turn               (no ring)

@: bloodless, inhibited regen
A: bloodless, fangs 3, see invisible, vampiric 2
a: Bat Form, Revivify, Renounce Religion


You were on level 7 of the Dungeon.
You worshipped Hepliaklqana.
Hepliaklqana was noncommittal.
You visited 2 branches of the dungeon, and saw 9 of its levels.

You collected 452 gold pieces.
You spent 145 gold pieces at shops.

Inventory:

Hand Weapons
 a - a +0 shortbow
 o - a +4 quarterstaff of chaos (weapon)
Missiles
 i - 2 throwing nets {=f}
Armour
 n - a +2 cloak of preservation (worn)
 s - a +2 pair of gloves (worn)
 w - a +0 helmet (worn)
 x - a +1 animal skin (worn)
Jewellery
 I - a ring of protection from cold (left hand)
Wands
 p - a wand of acid (7)
 v - a wand of mindburst (5)
Scrolls
 f - a scroll of fear {unknown}
 g - 2 scrolls of summoning
 k - 3 scrolls of magic mapping {!r}
 m - a scroll of enchant weapon {unknown}
 t - a scroll of holy word {unknown}
 u - a scroll of blinking {unknown}
 y - a scroll of enchant armour {unknown}
 z - a scroll of vulnerability {!r!r}
 C - a scroll of torment
 D - a scroll of amnesia {unknown}
 E - a scroll of silence {unknown}
Potions
 b - 2 potions of flight
 c - a potion of berserk rage {!q}
 d - 5 potions of cancellation
 e - 2 potions of haste
 h - a potion of lignification {unknown}
 j - 3 potions of might
 l - 2 potions of degeneration {unknown}
 q - a potion of ambrosia
 r - 2 potions of curing
 A - 3 potions of attraction {!q}
 B - a potion of invisibility {unknown}
 F - a potion of brilliance {unknown}


   Skills:
 - Level 0.8 Fighting
 + Level 8.8 Bows
 - Level 2.1 Dodging
 - Level 4.0 Spellcasting
 + Level 8.8 Hexes
 - Level 3.2 Translocations
 - Level 3.0 Fire Magic


You had 2 spell levels left.
You knew the following spells:

 Your Spells              Type           Power      Damage    Failure   Level
a - Portal Projectile     Hex/Tloc       44%        N/A       4%          3
b - Inner Flame           Hex/Fire       22%        N/A       4%          3
c - Cause Fear            Hex            15%        N/A       4%          4
d - Swiftness             Air            3%         N/A       45%         3
s - Slow                  Hex            100%       N/A       1%          1

Your spell library contained the following spells:

 Spells                   Type           Power      Damage    Failure   Level
 Ensorcelled Hibernation  Hex/Ice        34%        N/A       4%          2
 Animate Skeleton         Necr           6%         N/A       17%         1
 Pain                     Necr           12%        1d4       17%         1
 Passwall                 Tmut/Erth      2%         N/A       26%         2
 Vampiric Draining        Necr           3%         2d6       45%         3
 Blade Hands              Tmut           1%         N/A       99%         5
 Irradiate                Conj/Tmut      1%         3d14      99%         5
 Dragon Form              Tmut           1%         N/A       100%        7


Dungeon Overview and Level Annotations

Branches:
Dungeon (8/15)             Temple (1/1) D:5
   Lair: D:8-11

Altars:
Gozag
Hepliaklqana
Kikubaaqudgha
Makhleb
Okawaru
Qazlal
Ru
Sif Muna
Uskayaw
Vehumet
Xom
Zin

Shops:
D:2 [   D:3 ?   D:5 [

Annotations:
D:5 Prince Ribbit


Innate Abilities, Weirdness & Mutations

You do not regenerate when monsters are visible.
You are frail without blood (-20% HP).
You can heal yourself when you bite living creatures.
You are immune to poison.
You have razor-sharp teeth.
You have supernaturally acute eyesight. (SInv)
You are afflicted with vampirism and can become a bat while bloodless.


Message History

The orc warrior seems to slow down.
You now have 14/15 mp.
You shoot an arrow.
The arrow barely misses the orc warrior.
You shoot an arrow. The orc priest shouts!
The arrow hits the orc warrior.
Unknown command.
MP restored: 15
There is an escape hatch in the floor here.
You start resting.
An orc priest is nearby!
Aim: an orc priest, wielding a +0 dagger and wearing a +0 leather armour (chance to affect: 64%)
The orc priest struggles to resist.
The orc priest miscasts a cantrip.
You now have 14/15 mp.
Unknown command.
You shoot an arrow. The arrow barely misses the orc priest.
You shoot an arrow. The arrow barely misses the orc priest.
You shoot an arrow. The arrow hits the orc priest.
You shoot an arrow. The arrow hits the orc priest.
You shoot an arrow. The arrow barely misses the orc priest.
The orc priest hits you but does no damage.
MP restored: 15 Your +4 quarterstaff of chaos is briefly surrounded by a scintillating aura of random colours.
o - a +4 quarterstaff of chaos (weapon)
You barely miss the orc priest. The orc priest barely misses you.
You closely miss the orc priest.
The orc priest hits you but does no damage.
The orc warrior misses you.
The orc priest hits you but does no damage.
You closely miss the orc priest.
The orc priest hits you but does no damage.
The orc warrior hits you from afar with a +0 halberd!
* * * LOW HITPOINT WARNING * * *
You take 17 damage, and have 15/46 hp.
MASSIVE DAMAGE!!
The orc priest calls down the wrath of Beogh upon you.
Beogh smites you!
You die...

######
##########.@..#############
#......>.o..........[.....##
###.######o..|#####.#####..)
#.# #....# #.)[......
##.#######..## ##########
#.........#..# #########..
#.....o...##.# #......##..
#.....<...##.## #......##..
#.........##..# #......##..


You could see an orc warrior (slow) and an orc priest.

Levels and vault maps discovered:
D:1:      minmay_arrival_hallway, layout_basic,
          hellmonk_ecumenical_altar_arch_garden
D:2:      layout_basic, serial_shops, nicolae_square_shop, serial_bayou_pond_c,
          uniq_crazy_yiuf_cottage
D:3:      layout_basic, mainiacjoe_overflow_divided_tiny, serial_shops,
          nicolae_shop_statue_plus, st_stairs_9, minmay_diced_spiral
D:4:      layout_loops_corners, makhleb_heckhound_becter, uniq_robin,
          uniq_natasha
D:5:      layout_loops_ring, minmay_temple_entry_offerings, serial_shops,
          nicolae_stop_n_shop_2, uniq_prince_ribbit1
D:6:      minmay_general_purpose_star, layout_loops_ring,
          nicolae_elevator_lobby_asterisk
D:7:      layout_rooms
D:8:      layout_layer_cave, minitemple, mainiacjoe_overflow_alcove_1,
          uniq_gastronok
Temple:   cyrus_circular_temple

Notes
Turn   | Place    | Note
-------+----------+-------------------------------------------
     0 | D:1      | JoanKujo the Vampire Arcane Marksman began the quest for
                  | the Orb.
     0 | D:1      | Reached XP level 1. HP: 14/14 MP: 2/2
    27 | D:1      | Identified a +0 dagger
    29 | D:1      | Identified a +0 club
    37 | D:1      | Reached skill level 2 in Bows
    45 | D:1      | Reached XP level 2. HP: 20/20 MP: 3/3
   140 | D:1      | Identified a +0 club
   281 | D:1      | Identified a +0 club
   289 | D:1      | Found a faded altar of an unknown god.
   305 | D:1      | Reached skill level 5 in Hexes
   338 | D:1      | Identified a +0 dagger
   360 | D:1      | Identified a +0 short sword
   363 | D:1      | Gained mutation: You are afflicted with vampirism and can
                  | become a bat while bloodless. [Vampire growth]
   363 | D:1      | Reached XP level 3. HP: 25/25 MP: 4/4
   469 | D:1      | Identified a +0 club
   472 | D:1      | Identified a +0 club
   674 | D:2      | Found Imuklece's Armour Emporium.
   777 | D:2      | Found a runed translucent door.
   778 | D:2      | Identified a +4 quarterstaff of chaos
   778 | D:2      | Identified a +2 cloak of preservation
   778 | D:2      | Noticed Crazy Yiuf
   784 | D:2      | Learned a level 3 spell: Portal Projectile
   814 | D:2      | Identified a +0 shortbow
   814 | D:2      | Identified a +0 robe
   864 | D:2      | Killed Crazy Yiuf
   865 | D:2      | Reached skill level 3 in Bows
   865 | D:2      | Reached XP level 4. HP: 24/24 MP: 5/5
   946 | D:2      | Identified a +0 hand axe
   988 | D:2      | Identified a +0 hand axe
   988 | D:2      | Identified a +0 hunting sling
  1074 | D:2      | Identified a +0 dagger
  1312 | D:3      | Identified a +0 spear
  1346 | D:3      | Found Huulum's Magic Scroll Emporium.
  1355 | D:3      | Bought a scroll of identify for 20 gold pieces
  1355 | D:3      | Bought a scroll of magic mapping for 35 gold pieces
  1355 | D:3      | Bought a scroll of identify for 20 gold pieces
  1355 | D:3      | Bought a scroll of identify for 20 gold pieces
  1355 | D:3      | Bought a scroll of identify for 20 gold pieces
  1440 | D:3      | Bought a scroll of teleportation for 30 gold pieces
  1440 | D:3      | Identified 2 potions of haste
  1441 | D:3      | Identified 2 potions of heal wounds
  1442 | D:3      | Identified 2 potions of cancellation
  1443 | D:3      | Identified 2 potions of might
  1444 | D:3      | Identified a potion of ambrosia
  1515 | D:3      | Identified a +0 dagger
  1571 | D:3      | Identified a +0 plate armour
  1612 | D:3      | Identified a +2 pair of gloves
  1702 | D:3      | Identified a +0 dagger
  1708 | D:3      | Identified a +0 flail
  1849 | D:3      | Found a shimmering blue altar of Sif Muna.
  1850 | D:3      | Found a shimmering altar of Xom.
  1871 | D:3      | Identified 3 potions of curing
  1872 | D:3      | Identified a potion of berserk rage
  2040 | D:4      | Noticed a necrophage
  2074 | D:4      | Killed a necrophage
  2075 | D:4      | Reached skill level 6 in Hexes
  2075 | D:4      | Reached XP level 5. HP: 27/28 MP: 6/6
  2101 | D:4      | Identified an orb of wrath
  2162 | D:4      | Found a burning altar of Makhleb.
  2169 | D:4      | Reached skill level 4 in Bows
  2233 | D:4      | Identified a +0 short sword
  2233 | D:4      | Identified a +1 animal skin
  2233 | D:4      | Identified a +0 helmet
  2233 | D:4      | Noticed Robin
  2233 | D:4      | Identified a +0 dagger
  2233 | D:4      | Identified a +0 club
  2233 | D:4      | Identified a +0 dagger
  2233 | D:4      | Identified a +0 club
  2233 | D:4      | Identified a +0 club
  2233 | D:4      | Identified a +0 dagger
  2233 | D:4      | Identified a +0 club
  2251 | D:4      | HP: 7/32 [goblin/+0 club[Robin] (4)]
  2251 | D:4      | HP: 3/32 [goblin/+0 club[Robin] (1)]
  2258 | D:4      | Identified a +0 club
  2276 | D:4      | Killed Robin
  2346 | D:4      | Identified a +0 dagger
  2358 | D:4      | Reached XP level 6. HP: 25/37 MP: 7/7
  2427 | D:4      | Identified a +0 dagger
  2428 | D:4      | Identified a +0 cloak
  2570 | D:4      | Reached skill level 7 in Hexes
  2592 | D:4      | Noticed Natasha
  2602 | D:4      | Killed Natasha
  2751 | D:4      | Identified a +0 trident
  2751 | D:4      | Identified a +0 ring mail
  2847 | D:4      | Identified a +0 trident
  2865 | D:4      | Reached skill level 5 in Bows
  2877 | D:4      | Identified a +0 long sword
  2877 | D:4      | Identified a +0 plate armour
  2877 | D:4      | Noticed an orc warrior
  2877 | D:4      | Identified a +0 short sword
  2877 | D:4      | Identified a +0 leather armour
  2877 | D:4      | Identified a +0 dagger
  2883 | D:4      | Learned a level 3 spell: Inner Flame
  3047 | D:4      | Killed an orc warrior
  3048 | D:4      | Reached XP level 7. HP: 42/42 MP: 8/8
  3052 | D:4      | Identified a +0 dagger
  3052 | D:4      | Identified a +0 leather armour
  3138 | D:4      | Identified a +0 spear
  3147 | D:4      | Identified a +0 club
  3164 | D:4      | Identified a +0 spear of flaming
  3164 | D:4      | Identified a +0 halberd
  3217 | D:4      | Identified a +0 buckler
  3319 | D:4      | Identified a +0 leather armour
  3334 | D:5      | Entered Level 5 of the Dungeon
  3345 | D:5      | Identified a +0 antimagic hand axe
  3345 | D:5      | Identified a +0 leather armour
  3345 | D:5      | Identified a +0 giant club
  3345 | D:5      | Found Juath's Antique Armour Emporium.
  3391 | D:4      | Noticed Natasha
  3397 | D:4      | Killed Natasha
  4037 | D:4      | Found a burning altar of Makhleb.
  4062 | D:4      | Noticed Natasha
  4073 | D:4      | Killed Natasha
  4264 | D:5      | Reached skill level 8 in Hexes
  4264 | D:5      | Identified a +0 ring mail
  4294 | D:5      | Reached skill level 6 in Bows
  4388 | D:5      | Reached skill level 2 in Spellcasting
  4420 | D:5      | Identified a +0 flail
  4420 | D:5      | Identified a +0 chain mail
  4660 | D:5      | Found a staircase to the Ecumenical Temple.
  4672 | D:5      | Learned a level 4 spell: Cause Fear
  4680 | Temple   | Entered the Ecumenical Temple
  4688 | Temple   | Became a worshipper of Hepliaklqana the Forgotten
  4698 | D:5      | Identified a +0 spear
  4717 | D:5      | Noticed Prince Ribbit
  4846 | D:5      | Reached XP level 8. HP: 52/53 MP: 6/12
  4912 | D:5      | Reached skill level 3 in Spellcasting
  5039 | D:5      | Identified a +0 plate armour
  5166 | D:6      | Identified a +0 flail
  5166 | D:6      | Identified a +0 chain mail
  5166 | D:6      | Identified a +0 club
  5166 | D:6      | Identified a +0 flail
  5166 | D:6      | Identified a +0 leather armour
  5166 | D:6      | Identified a +0 mace
  5166 | D:6      | Identified a +0 leather armour
  5166 | D:6      | Identified a +0 short sword
  5336 | D:6      | Identified a +5 hand axe
  5336 | D:6      | Identified a +0 robe
  5419 | D:6      | Reached skill level 7 in Bows
  5419 | D:6      | Reached skill level 4 in Spellcasting
  5438 | D:6      | Identified a +4 short sword
  5438 | D:6      | Identified a +0 robe
  5471 | D:6      | Reached skill level 1 in Translocations
  5488 | D:6      | Identified a +0 dire flail
  5488 | D:6      | Identified a +0 robe
  5501 | D:6      | Identified a +3 spear
  5501 | D:6      | Identified a +0 robe
  5504 | D:6      | Identified a +3 hand axe
  5504 | D:6      | Identified a +0 robe
  5568 | D:6      | Reached skill level 2 in Translocations
  5572 | D:6      | Identified 3 potions of attraction
  5588 | D:6      | Identified a +0 trident
  5611 | D:6      | Identified a +0 dagger
  5611 | D:6      | Identified a +0 robe
  5612 | D:6      | Identified a +0 club
  5612 | D:6      | Identified a +0 leather armour
  5615 | D:6      | Identified a +0 hand axe
  5616 | D:6      | Identified a +0 club
  5803 | D:6      | Identified a ring of protection from cold
  5806 | D:6      | Identified a +0 morningstar
  5829 | D:6      | HP: 7/42 [killer bee (5)]
  6039 | D:6      | Identified a scroll of torment
  6216 | D:6      | Identified a +0 shortbow
  6227 | D:6      | Learned a level 3 spell: Swiftness
  6245 | D:6      | Identified a +0 giant club
  6245 | D:6      | Identified a +0 shortbow
  6245 | D:6      | Identified a +0 dagger
  6245 | D:6      | Identified a +0 robe
  6245 | D:6      | Identified a +0 hand axe
  6245 | D:6      | Identified a +0 ring mail
  6260 | D:6      | Reached skill level 3 in Translocations
  6260 | D:6      | Reached XP level 9. HP: 22/46 MP: 15/15
  6526 | D:6      | Identified 2 potions of flight
  6798 | D:7      | Identified a +0 shortbow
  6808 | D:7      | Identified a +0 club
  6809 | D:7      | Identified a +0 dagger
  6809 | D:7      | Identified a +0 hand axe
  6809 | D:7      | Identified a +0 scale mail
  6940 | D:7      | Identified a +0 vorpal halberd
  6940 | D:7      | Identified a +0 plate armour
  6940 | D:7      | Identified a +0 dagger
  6940 | D:7      | Identified a +0 robe
  6940 | D:7      | Identified a +0 flail
  6940 | D:7      | Identified a +0 hand axe
  6940 | D:7      | Identified a +0 leather armour
  6940 | D:7      | Identified a +0 flail
  6940 | D:7      | Identified a +0 dagger
  6940 | D:7      | Identified a +0 robe
  6948 | D:7      | Identified a +0 flail
  7009 | D:7      | Identified a +0 halberd
  7009 | D:7      | Identified a +0 plate armour
  7012 | D:7      | Identified a +0 dagger
  7012 | D:7      | Identified a +0 leather armour
  7188 | D:7      | Identified a +0 mace
  7188 | D:7      | Identified a +0 leather armour
  7237 | D:7      | Reached * piety under Hepliaklqana
  7242 | D:7      | Identified a scroll of vulnerability
  7255 | D:7      | Identified a +3 war axe
  7255 | D:7      | Identified a +0 ring mail
  7261 | D:7      | Identified a +0 hand axe
  7261 | D:7      | Identified a +2 vampiric hand axe
  7266 | D:7      | Identified a +0 club
  7266 | D:7      | Identified a +0 leather armour
  7343 | D:7      | Identified a +0 mace
  7411 | D:6      | Reached skill level 8 in Bows
  7411 | D:6      | Reached skill level 1 in Fire Magic
  7565 | D:6      | Reached skill level 2 in Fire Magic
  7579 | D:7      | Identified a +0 mace
  7639 | D:7      | HP: 6/40 [something/ball of steam (19)]
  7928 | D:7      | Identified a +0 shortbow
  8099 | D:7      | Reached skill level 3 in Fire Magic
  8214 | D:7      | Identified +0 steam dragon scales
  8362 | D:7      | Killed from afar by an orc priest

Table legend: (Time is in decaauts)
 A = Elapsed time spent in this place.
 B = Non-inter-level travel time spent in this place.
 C = Inter-level travel time spent in this place.
 D = Time resting spent in this place.
 E = Time spent auto-exploring this place.
 F = Levels seen in this place.
 G = Mean time per level.
                   A        B        C        D        E       F      G
               +--------+--------+--------+--------+--------+-----+--------+
         Total |   8518 |   7986 |    532 |    565 |   5071 |   9 |  946.4 |
       Dungeon |   8501 |   7975 |    526 |    565 |   5071 |   8 | 1062.6 |
        Temple |     16 |     10 |      6 |      0 |      0 |   1 |   16.0 |
               +--------+--------+--------+--------+--------+-----+--------+

Top non-repeatable levels by time:
     D:6: 2218 daAuts
     D:4: 2159 daAuts
     D:5: 1026 daAuts
     D:7: 783 daAuts
     D:3: 760 daAuts
     D:2: 668 daAuts
     D:1: 616 daAuts
     D:8: 267 daAuts
  Temple: 16 daAuts

Table legend:
 A = Kills in this place as a percentage of kills in entire the game.
 B = Kills by you in this place as a percentage of kills by you in the entire game.
 C = Kills by friends in this place as a percentage of kills by friends in the entire game.
 D = Other kills in this place as a percentage of other kills in the entire game.
 E = Experience gained in this place as a percentage of experience gained in the entire game.
 F = Experience gained in this place divided by the number of levels of this place that you have seen.
                   A       B       C       D       E      F
               +-------+-------+-------+-------+-------+----------------------
         Total | 100.0 | 100.0 | 100.0 |   N/A | 100.0 | 510.2
       Dungeon | 100.0 | 100.0 | 100.0 |   N/A | 100.0 | 574.0
               +-------+-------+-------+-------+-------+----------------------

Skill      XL: |  1  2  3  4  5  6  7  8  9 |
---------------+----------------------------+-----
Bows           | 2 3 4 5 6 7 8 |  8.8
Hexes          | 5 6 7 8 |  8.8
Spellcasting   | 2 4 |  4.0
Translocations | 3 |  3.2
Fire Magic     | 3 |  3.0
Fighting       | |  0.8
Dodging        | |  2.1

Action                   |  1- 3 |  4- 6 |  7- 9 || total
-------------------------+-------+-------+-------++-------
Melee: Quarterstaff      |       |    48 |    52 ||   100
       Bite              |       |     4 |    13 ||    17
 Fire: Shortbow          |    87 |   149 |   415 ||   651
 Cast: Slow              |     3 |    10 |    60 ||    73
       Inner Flame       |       |     1 |     2 ||     3
       Cause Fear        |       |       |     5 ||     5
       Portal Projectile |       |       |     3 ||     3
Invok: Ancestor Identity |       |       |     1 ||     1
 Abil: Exsanguinate      |     2 |       |     1 ||     3
       End Transformatio |     1 |       |       ||     1
       Bat Form          |     1 |       |       ||     1
       Revivify          |       |     1 |       ||     1
Evoke: Wand              |       |       |    11 ||    11
  Use: Scroll            |       |     7 |     5 ||    12
       Potion            |       |     1 |     2 ||     3
 Stab: Confused          |       |       |     1 ||     1
Armor: Robe              |     6 |    37 |       ||    43
       Animal skin       |       |    19 |    65 ||    84
Dodge: Dodged            |     9 |    93 |   131 ||   233

Vanquished Creatures
  A hornet (D:7)
  3 yaks (D:6)
  A steam dragon (D:7)
  2 sky beasts
  An ice beast (D:5)
  2 orc warriors
  An ogre (D:5)
  2 centaurs
  A phantom (D:6)
  3 necrophages
  4 scorpions
  5 wights (D:6)
  3 killer bees (D:6)
  A howler monkey (D:6)
  4 hounds
  A jelly (D:4)
  2 orc priests
  Crazy Yiuf (D:2)
  4 iguanas
  Natasha (thrice) (D:4)
  3 orc wizards
  Robin (D:4)
  4 gnolls (D:4)
  5 adders
  A shadow imp (D:7)
  A white imp (D:7)
  An ufetubus (D:6)
  3 dart slugs
  22 orcs
  7 ball pythons
  6 bats
  An endoplasm (D:3)
  7 giant cockroaches
  9 hobgoblins
  15 jackals
  5 kobolds
  3 quokkas
  2 frilled lizards
  15 goblins
  5 rats
161 creatures vanquished.

Vanquished Creatures (collateral kills)
  A centaur (D:7)
  2 orcs (D:7)
3 creatures vanquished.

Vanquished Creatures (others)
  An orc (D:7)
  A plant (D:2)
2 creatures vanquished.

Grand Total: 166 creatures vanquished
